 Dungeon Crawl Stone Soup version 0.29-a0-82-g837932c90e (webtiles) character file.

Game seed: 7181235386399935689

70 horus123 the Skirmisher (level 4, -6/42 HPs)
             Began as a Hill Orc Fighter on Feb 4, 2022.
             Was an Initiate of Beogh.
             Mangled by an ogre (21 damage)
             ... on level 3 of the Dungeon.
             The game lasted 00:03:07 (2020 turns).

horus123 the Skirmisher (Hill Orc Fighter)          Turns: 2020, Time: 00:03:07

Health: -6/42      AC:  9    Str: 20    XL:     4   Next: 21%
Magic:  4/4        EV:  7    Int:  8    God:    Beogh [......]
Gold:   86         SH:  0    Dex: 10    Spells: 3/3 levels left

rFire   . . .      SeeInvis .   a - +0 flail
rCold   . . .      Faith    .   (no shield)
rNeg    . . .      Spirit   .   e - +0 chain mail
rPois   .          Reflect  .   (no helmet)
rElec   .          Harm     .   k - scarf {repulsion}
rCorr   .          Rampage  .   (no gloves)
Will    .....                   (no boots)
Stlth   ..........              (no amulet)
HPRegen 0.14/turn               (no ring)
MPRegen 0.09/turn               (no ring)

@: mighty, repel missiles
A: no striking features
a: Renounce Religion


You were on level 3 of the Dungeon.
You worshipped Beogh.
Beogh was noncommittal.
You visited 1 branch of the dungeon, and saw 3 of its levels.

You collected 86 gold pieces.

Inventory:

Hand Weapons
 a - a +0 flail (weapon)
 h - a +1 antimagic whip
Armour
 b - a +0 scale mail
 e - a +0 chain mail (worn)
 k - a scarf of repulsion (worn)
Scrolls
 f - 3 scrolls of identify
Potions
 d - a potion of might
 g - 3 potions of lignification
 i - a potion of curing
 j - a potion of magic
 l - a potion of degeneration
 m - a potion of attraction


   Skills:
 - Level 5.0 Fighting
 + Level 3.6 Maces & Flails
 - Level 3.2 Armour
 - Level 3.2 Shields


You had 3 spell levels left.
You didn't know any spells.
Your spell library contained the following spells:

 Spells                   Type           Power      Damage    Failure   Level
 Blink                    Tloc           0%         N/A       100%        2
 Lesser Beckoning         Tloc           0%         N/A       100%        3
 Manifold Assault         Tloc           0%         N/A       100%        5


Dungeon Overview and Level Annotations

Branches:
Dungeon (3/15)

Altars:

Shops:
D:3 ?


Message History

Found 25 bolts.
As you read the scroll of identify, it crumbles to dust.
l - a potion of degeneration
As you read the scroll of identify, it crumbles to dust.
m - a potion of attraction A quokka comes into view.
The quokka bites you but does no damage.
You hit the quokka but do no damage. The quokka bites you.
You sock the quokka!
You kill the quokka!
No target in view!
You see here a quokka corpse.
An orc priest, 3 orcs and an ogre come into view.
Found a leather armour and 15 gold pieces.
The orc shouts! x2
The orc priest threatens, "By the altar or by the axe, you will meet Beogh!" (press Y on the ability menu to convert to Beogh)
The orc priest shouts!
The ogre shouts!
You bow before the missionary of Beogh.
Beogh welcomes you!
With a roar of approval, the orcs welcome you as one of their own, and spare your life.
You see here a quokka corpse.
The orc barely misses something.
You see here a quokka corpse.
You swap places.
The ogre hits the orc with a +0 giant spiked club!!
The orc dies!
You feel very mighty all of a sudden.
Found a potion of curing.
The ogre barely misses you.
The orc barely misses the ogre.
You hit the ogre.
The ogre is moderately wounded.
The orc barely misses the ogre.
The ogre hits you with a +0 giant spiked club!!
Ouch! That really hurt!
You sock the ogre!
The ogre is severely wounded.
The ogre hits you with a +0 giant spiked club!!
Ouch! That really hurt!
You die...

### . ###.. .# ....##.#
######. #.#....#
...>... ....!..##
..#### #####........
.## ########..†o..(...#
#####........###@....##
###...######## #O....#
....### ....#.# ..###
.o[....# ..# .....$#.#
..# ##....o#.# ...
#.....# # #... #..!..#
#....


You could see an ogre, a neutral orc priest (wandering) and 2 neutral orcs.

Vanquished Creatures
  A scorpion zombie (D:3)
  An adder (D:3)
  A dart slug (D:1)
  3 endoplasms
  3 giant cockroaches
  2 hobgoblins (D:1)
  4 quokkas
  A ball python (D:1)
  6 bats
  A frilled lizard (D:2)
  4 goblins
  4 kobolds
  2 rats
33 creatures vanquished.

Vanquished Creatures (others)
  An orc (D:3)
  A rat (D:3)
2 creatures vanquished.

Grand Total: 35 creatures vanquished

Notes
Turn   | Place    | Note
-------+----------+-------------------------------------------
     0 | D:1      | horus123 the Hill Orc Fighter began the quest for the Orb.
     0 | D:1      | Reached XP level 1. HP: 19/19 MP: 1/1
   163 | D:1      | Reached skill level 4 in Fighting
   200 | D:1      | Reached XP level 2. HP: 27/27 MP: 2/2
   463 | D:1      | Found a faded altar of an unknown god.
  1093 | D:2      | Reached XP level 3. HP: 33/35 MP: 3/3
  1301 | D:2      | Reached skill level 5 in Fighting
  1666 | D:3      | Found Xeggaesm's Magic Scroll Shoppe.
  1775 | D:3      | Reached XP level 4. HP: 23/42 MP: 4/4
  2011 | D:3      | Noticed an ogre
  2012 | D:3      | Became a worshipper of Beogh the Brigand
  2020 | D:3      | Mangled by an ogre

Illustrated notes

Levels and vault maps discovered:
D:1:      wander_arrival_lonely_grave, layout_basic,
          shapermc_ecumenical_altar_mp_urbaneastern
D:2:      layout_loops_ring, chequers_avenue, minivault_4, roderic_lattice_a,
          minmay_heptomino_o4
D:3:      layout_rooms, serial_shops, shop_statue, uniq_grinder

Skill      XL: |  1  2  3 |
---------------+----------+-----
Fighting       | 4 5 |  5.0
Maces & Flails | 3 |  3.6
Armour         | |  3.2
Shields        | |  3.2

Action                   |  1- 3 |  4- 6 || total
-------------------------+-------+-------++-------
Melee: Flail             |    70 |    17 ||    87
Invok: Convert to Beogh  |       |     1 ||     1
  Use: Scroll            |     4 |     2 ||     6
       Potion            |       |     1 ||     1
Armor: Scale mail        |    11 |       ||    11
       Chain mail        |    24 |    12 ||    36
Dodge: Dodged            |    26 |     6 ||    32
Block: Buckler           |    16 |     4 ||    20

Table legend: (Time is in decaauts)
 A = Elapsed time spent in this place.
 B = Non-inter-level travel time spent in this place.
 C = Inter-level travel time spent in this place.
 D = Time resting spent in this place.
 E = Time spent auto-exploring this place.
 F = Levels seen in this place.
 G = Mean time per level.
                   A        B        C        D        E       F      G
               +--------+--------+--------+--------+--------+-----+--------+
         Total |   2047 |   2011 |     36 |    120 |   1594 |   3 |  682.3 |
       Dungeon |   2047 |   2011 |     36 |    120 |   1594 |   3 |  682.3 |
               +--------+--------+--------+--------+--------+-----+--------+

Top non-repeatable levels by time:
     D:2: 991 daAuts
     D:1: 674 daAuts
     D:3: 382 daAuts
